Login

Carolina Hurricanes vs Montreal Canadiens

Created - 15 March 2024 at 23:08

Goals
1 2 3 T
Carolina Hurricanes 1 1 1 3
Montreal Canadiens 1 4 0 5
Shots
1 2 3 T
Carolina Hurricanes 13 13 5 31
Montreal Canadiens 11 14 4 29

GoalsPenalties
1st period
1. Montreal Canadiens , Rafael Harvey-Pinard 2 (Kirby Dach 3) at 15:51
2. Carolina Hurricanes , Sebastian C Aho 3 (Alex Tuch 3, Kevin Shattenkirk 1) at 18:15
No Penalty
2nd period
3. Carolina Hurricanes , David Krejci 1 (Martin Necas 2) at 0:12
4. Montreal Canadiens , Cole Caufield 3 (Alexander Edler 1, Matt Benning 3) at 2:53
5. Montreal Canadiens , David Savard 1 (Mike Matheson 4) at 10:23
6. Montreal Canadiens , Matt Benning 2 (Josh Bailey 3, Christian Dvorak 3) at 11:56
7. Montreal Canadiens , Cole Caufield 4 (Derick Brassard 1) at 16:42 (PP)
Andrei Svechnikov (CAR) for High sticking (Minor) at 5:42
Brady Skjei (CAR) for Delaying the game (Minor) at 16:14
Johnathan Kovacevic (MTL) for High sticking (Minor) at 17:54
3rd period
8. Carolina Hurricanes , Teuvo Teravainen 3 (Kevin Shattenkirk 2, Eeli Tolvanen 2) at 19:56
Josh Anderson (MTL) for Slashing (Minor) at 10:57
Jordan Martinook (CAR) for Interference (Minor) at 17:39
Goalie Stats
Frederik Andersen (CAR), 24 saves from 29 shots - (0.828), L, 1-4-0, 60:00 minutes
Jake Allen (MTL), 28 saves from 31 shots - (0.903), W, 3-1-2, 60:00 minutes
3 StarsOfficial
1 - Cole Caufield (MTL)
2 - Matt Benning (MTL)
3 - Rafael Harvey-Pinard (MTL)
Referees : Brandon Schrader and Kelly Sutherland
Linesman : Brent Hooks and Robb Harrell
Game Note
No Game Note
Finance
Level 1 -- Attendance: 4019 (66.98%) -- Ticket Income $462,185
Level 2 -- Attendance: 3214 (64.28%) -- Ticket Income $224,980
Level 3 -- Attendance: 1257 (62.85%) -- Ticket Income $50,280
Level 4 -- Attendance: 2447 (61.18%) -- Ticket Income $73,410
Luxury Box -- Attendance: 610 (61.00%) -- Ticket Income $151,890
Game was played at the Bell Centre.
Total Attendance: 11547 (64.15%)
Total Ticket Income: $962,745
Other Income: $471,745
Total Income: $1,434,490



Team Name Goals Shots Shots Attemp Shots Blocked PIM HIT PP PK FO%
Carolina Hurricanes 3316586180 / 2 (0%)163%
Montreal Canadiens 52957124151 / 3 (33%)038%

Carolina Hurricanes
Player Name POS G A P +/- PIM HIT SHT SB MP PP MP PP SHT PK MP PK SHT FO% FOT GA TA
Alex TuchRW0110012119:362:0802:310100% 120
Andrei SvechnikovLW0000242117:271:5010:0000% 000
Brady SkjeiD000-1211022:401:5101:4400% 001
Brent BurnsD000-1012024:192:0712:4200% 010
Brett PesceD0000011020:481:5101:4400% 000
David KrejciC1011002017:040:0000:00055% 2001
Dmitry OrlovD0000010020:082:0702:4200% 000
Eeli TolvanenRW0111000010:180:0000:0000% 000
Jesperi KotkaniemiC0001031012:141:5000:00050% 800
Jordan MartinookLW000-322218:570:0000:2500% 010
Jordan StaalC000-3001011:040:0002:31043% 700
Kevin ShattenkirkD0220002317:040:0000:0000% 000
Martin NecasRW0111014019:001:5000:000100% 200
Michael BuntingLW0001022018:440:0001:090100% 100
Sebastian C AhoC1010003118:532:0801:10076% 1710
Stefan NoesenRW000-301509:460:0001:0600% 010
Teuvo TeravainenLW1011001012:292:0800:0000% 001
Will BorgenD0000000115:000:0000:0000% 000
Montreal Canadiens
Player Name POS G A P +/- PIM HIT SHT SB MP PP MP PP SHT PK MP PK SHT FO% FOT GA TA
Alex NewhookLW0001021020:161:5601:3100% 100
Alexander EdlerD0111021221:311:5302:0000% 000
Christian DvorakC0110002014:390:0301:07025% 800
Cole CaufieldRW2020005018:041:5610:0000% 012
David SavardD101-1012324:182:3301:5800% 002
Derick BrassardC0110012019:101:5601:06050% 1000
Joel ArmiaRW000100106:290:0300:0000% 000
Johnathan KovacevicD0001200014:160:0000:0000% 000
Josh AndersonRW0000220018:262:2700:0000% 200
Josh BaileyRW0110011114:130:0000:0000% 100
Kaiden GuhleD0001032114:110:0000:0000% 001
Kirby DachC0110002220:312:2702:04039% 3100
Matt BenningD1121013121:311:5302:0000% 001
Michael PezzettaLW0000010013:140:0000:0800% 000
Mike MathesonD011-1001124:182:3301:5800% 010
Rafael Harvey-PinardLW1010016123:402:2702:000100% 210
Sean MonahanC000100007:130:0300:0000% 100
Vladislav NamestnikovC000000000:000:0000:0000% 000

Carolina Hurricanes

5 vs 5 Forward
Line #Left WingCenterRight WingPHYDFOFWanted %Time %Time Play
1Andrei SvechnikovSebastian C AhoAlex Tuch1223530%15:36
2Michael BuntingDavid KrejciMartin Necas1133533%17:10
3Teuvo TeravainenJesperi KotkaniemiEeli Tolvanen1222020%10:18
4Jordan MartinookJordan StaalStefan Noesen2301017%8:32
5 vs 5 Defense
Line #DefenseDefensePHYDFOFWanted %Time %Time Play
1Brent BurnsBrady Skjei1223538%19:23
2Brett PesceKevin Shattenkirk1403533%17:13
3Dmitry OrlovWill Borgen2303029%14:53
4Will BorgenBrent Burns12200%0:07
Power Play Forward
Line #Left WingCenterRight WingPHYDFOFWanted %Time %Time Play
1Teuvo TeravainenSebastian C AhoAlex Tuch1226054%2:08
2Jesperi KotkaniemiMartin NecasAndrei Svechnikov1224046%1:50
Power Play Defense
Line #DefenseDefensePHYDFOFWanted %Time %Time Play
1Brent BurnsDmitry Orlov1226053%2:07
2Brady SkjeiBrett Pesce1224047%1:51
Penalty Kill 4 Players Forward
Line #CenterWingPHYDFOFWanted %Time %Time Play
1Jordan StaalAlex Tuch1226083%3:40
2Sebastian C AhoJordan Martinook1224017%0:46
Penalty Kill 4 Players Defense
Line #DefenseDefensePHYDFOFWanted %Time %Time Play
1Brent BurnsDmitry Orlov1226061%2:42
2Brady SkjeiBrett Pesce1224039%1:44
Penalty Kill 3 Players
Line #WingPHYDFOFWanted %Time %Time PlayDefenseDefensePHYDFOFWanted %Time %Time Play
1Jordan Staal122600%0:00 Brent BurnsDmitry Orlov122600%0:00
2Sebastian C Aho122400%0:00 Brady SkjeiBrett Pesce122400%0:00
4 vs 4 Forward
Line #CenterWingPHYDFOFWanted %Time %Time Play
1Alex TuchSebastian C Aho122600%0:00
2Martin NecasAndrei Svechnikov122400%0:00
4 vs 4 Defense
Line #DefensePHYDFOFWanted %Time %Time Play
1Brent BurnsDmitry Orlov122600%0:00
2Brady SkjeiBrett Pesce122400%0:00
Last Minutes Offensive
Left WingCenterRight WingDefenseDefense
Teuvo TeravainenSebastian C AhoAlex TuchBrent BurnsDmitry Orlov
Last Minutes Defensive
Left WingCenterRight WingDefenseDefense
Teuvo TeravainenSebastian C AhoAlex TuchBrent BurnsDmitry Orlov
Time
Total ForwardTotal DefenseLast Minutes OffensiveLast Minutes Defensive
60:00 60:00 0:000:00
Extra Forwards
Normal PowerPlayPenalty Kill
Jordan Staal, Michael Bunting, Stefan NoesenJordan Staal, Michael BuntingStefan Noesen
Extra Defensemen
Normal PowerPlayPenalty Kill
Will Borgen, Brett Pesce, Brent BurnsBrady Skjei, Will BorgenDmitry Orlov
Penalty Shots
Alex Tuch, Sebastian C Aho, Martin Necas, Andrei Svechnikov, Jordan Staal
Goalie
Frederik Andersen, Antti Raanta
Custom OT Lines Forwards
Alex Tuch, Sebastian C Aho, Martin Necas, Andrei Svechnikov, Jordan Staal, Teuvo Teravainen, Jesperi Kotkaniemi, Michael Bunting, Stefan Noesen, Jordan Martinook
Custom OT Lines Defensemen
Brent Burns, Dmitry Orlov, Brady Skjei, Brett Pesce, Will Borgen
Scratches
Mason Lohrei (Healthy), Pyotr Kochetkov (Healthy)

Montreal Canadiens

5 vs 5 Forward
Line #Left WingCenterRight WingPHYDFOFWanted %Time %Time Play
1Rafael Harvey-PinardKirby DachJosh Anderson1134232%16:24
2Alex NewhookDerick BrassardCole Caufield2123231%16:08
3Michael PezzettaChristian DvorakJosh Bailey2212025%12:56
4Rafael Harvey-PinardSean MonahanJoel Armia131612%6:08
5 vs 5 Defense
Line #DefenseDefensePHYDFOFWanted %Time %Time Play
1Mike MathesonDavid Savard1223637%19:00
2Matt BenningAlexander Edler2213634%17:38
3Johnathan KovacevicKaiden Guhle2302827%14:11
4Mike MathesonDavid Savard12202%0:47
Power Play Forward
Line #Left WingCenterRight WingPHYDFOFWanted %Time %Time Play
1Rafael Harvey-PinardKirby DachJosh Anderson1046356%2:30
2Alex NewhookDerick BrassardCole Caufield0233744%1:56
Power Play Defense
Line #DefenseDefensePHYDFOFWanted %Time %Time Play
1Mike MathesonDavid Savard1226358%2:33
2Matt BenningAlexander Edler1223742%1:53
Penalty Kill 4 Players Forward
Line #CenterWingPHYDFOFWanted %Time %Time Play
1Kirby DachRafael Harvey-Pinard1406082%3:14
2Derick BrassardAlex Newhook1404018%0:44
Penalty Kill 4 Players Defense
Line #DefenseDefensePHYDFOFWanted %Time %Time Play
1Mike MathesonDavid Savard2306050%1:58
2Matt BenningAlexander Edler2304050%2:00
Penalty Kill 3 Players
Line #WingPHYDFOFWanted %Time %Time PlayDefenseDefensePHYDFOFWanted %Time %Time Play
1Kirby Dach140560%0:00 Mike MathesonDavid Savard140570%0:00
2Derick Brassard140440%0:00 Matt BenningAlexander Edler140430%0:00
4 vs 4 Forward
Line #CenterWingPHYDFOFWanted %Time %Time Play
1Kirby DachRafael Harvey-Pinard122630%0:00
2Derick BrassardAlex Newhook113370%0:00
4 vs 4 Defense
Line #DefensePHYDFOFWanted %Time %Time Play
1Mike MathesonDavid Savard221630%0:00
2Matt BenningAlexander Edler221370%0:00
Last Minutes Offensive
Left WingCenterRight WingDefenseDefense
Rafael Harvey-PinardKirby DachJosh AndersonMike MathesonDavid Savard
Last Minutes Defensive
Left WingCenterRight WingDefenseDefense
Rafael Harvey-PinardKirby DachJosh AndersonMike MathesonDavid Savard
Time
Total ForwardTotal DefenseLast Minutes OffensiveLast Minutes Defensive
60:00 60:00 0:000:00
Extra Forwards
Normal PowerPlayPenalty Kill
Christian Dvorak, Sean Monahan, Josh BaileyChristian Dvorak, Sean MonahanChristian Dvorak
Extra Defensemen
Normal PowerPlayPenalty Kill
Alexander Edler, Johnathan Kovacevic, Kaiden GuhleAlexander Edler, Alexander EdlerJohnathan Kovacevic
Penalty Shots
Kirby Dach, Josh Anderson, Cole Caufield, Derick Brassard, Christian Dvorak
Goalie
Jake Allen, Sam Montembeault
Custom OT Lines Forwards
Kirby Dach, Josh Anderson, Cole Caufield, Derick Brassard, Christian Dvorak, Sean Monahan, Josh Bailey, Rafael Harvey-Pinard, Vladislav Namestnikov, Alex Newhook
Custom OT Lines Defensemen
Mike Matheson, David Savard, Matt Benning, Alexander Edler, Johnathan Kovacevic
Scratches
Jordan Harris (Healthy), Gustav Lindstrom (Healthy), Nick Suzuki (Healthy)


Play-by-Play

1st period


0:01 of 1st period - Sebastian C Aho wins face-off versus Kirby Dach in neutral zone.
0:03 of 1st period - Off-side.
0:04 of 1st period - Kirby Dach wins face-off versus Sebastian C Aho in neutral zone.
0:45 of 1st period - Wrist shot by Cole Caufield.
0:45 of 1st period - Stopped by Frederik Andersen without a rebound.
0:46 of 1st period - Christian Dvorak wins face-off versus Jesperi Kotkaniemi in Carolina Hurricanes zone.
0:57 of 1st period - Wrist shot by Christian Dvorak.
0:57 of 1st period - Shot Blocked by Kevin Shattenkirk.
1:59 of 1st period - Snap shot by Sebastian C Aho.
1:59 of 1st period - Shot Blocked by Kaiden Guhle.
2:15 of 1st period - Brett Pesce is hit by Kaiden Guhle and loses puck.
2:53 of 1st period - Icing by Derick Brassard.
2:54 of 1st period - Derick Brassard wins face-off versus Jordan Staal in Montreal Canadiens zone.
3:03 of 1st period - Snap shot by Stefan Noesen.
3:03 of 1st period - Stopped by Jake Allen without a rebound.
3:04 of 1st period - Sebastian C Aho wins face-off versus Kirby Dach in Montreal Canadiens zone.
3:05 of 1st period - Wrist shot by Alex Tuch.
3:05 of 1st period - Shot Blocked by Kirby Dach.
3:21 of 1st period - Wrist shot by Rafael Harvey-Pinard.
3:21 of 1st period - Stopped by Frederik Andersen with a rebound.
3:23 of 1st period - Snap shot by Johnathan Kovacevic.
3:23 of 1st period - Shot Blocked by Sebastian C Aho.
3:31 of 1st period - Wrist shot by Rafael Harvey-Pinard.
3:31 of 1st period - Shot Misses the Net.
3:38 of 1st period - Icing by Alexander Edler.
3:39 of 1st period - Martin Necas wins face-off versus Kirby Dach in Montreal Canadiens zone.
3:46 of 1st period - Wrist shot by Martin Necas.
3:46 of 1st period - Stopped by Jake Allen with a rebound.
3:48 of 1st period - Slapshot by Martin Necas.
3:48 of 1st period - Shot Misses the Net.
4:40 of 1st period - Backhand shot by Jesperi Kotkaniemi.
4:40 of 1st period - Deflect By Kirby Dach.
4:40 of 1st period - Shot Misses the Net.
4:40 of 1st period - Puck is out of play.
4:41 of 1st period - David Krejci wins face-off versus Derick Brassard in Montreal Canadiens zone.
5:40 of 1st period - David Savard is hit by Jesperi Kotkaniemi and loses puck.
7:29 of 1st period - Slapshot by Rafael Harvey-Pinard.
7:29 of 1st period - Stopped by Frederik Andersen without a rebound.
7:30 of 1st period - Sebastian C Aho wins face-off versus Christian Dvorak in Carolina Hurricanes zone.
9:00 of 1st period - Icing by Johnathan Kovacevic.
9:01 of 1st period - Jordan Staal wins face-off versus Derick Brassard in Montreal Canadiens zone.
9:08 of 1st period - Wrist shot by Jordan Martinook.
9:08 of 1st period - Stopped by Jake Allen with a rebound.
9:10 of 1st period - Wrist shot by Jordan Staal.
9:10 of 1st period - Stopped by Jake Allen without a rebound.
9:11 of 1st period - Christian Dvorak wins face-off versus David Krejci in Montreal Canadiens zone.
9:37 of 1st period - Alex Tuch is hit by Alexander Edler and loses puck.
9:58 of 1st period - Snap shot by Stefan Noesen.
9:58 of 1st period - Shot Blocked by Alexander Edler.
11:39 of 1st period - Wrist shot by Stefan Noesen.
11:39 of 1st period - Stopped by Jake Allen without a rebound.
11:40 of 1st period - David Krejci wins face-off versus Christian Dvorak in Montreal Canadiens zone.
12:35 of 1st period - Wrist shot by Stefan Noesen.
12:35 of 1st period - Stopped by Jake Allen with a rebound.
12:37 of 1st period - Wrist shot by Jordan Staal.
12:37 of 1st period - Shot Misses the Net.
12:39 of 1st period - Wrist shot by Stefan Noesen.
12:39 of 1st period - Shot Misses the Net.
12:41 of 1st period - Slapshot by Brady Skjei.
12:41 of 1st period - Stopped by Jake Allen with a rebound.
12:43 of 1st period - Slapshot by Brent Burns.
12:43 of 1st period - Shot Misses the Net.
12:45 of 1st period - Snap shot by Brent Burns.
12:45 of 1st period - Shot Misses the Net.
12:57 of 1st period - Wrist shot by Jesperi Kotkaniemi.
12:57 of 1st period - Shot Misses the Net.
12:59 of 1st period - Snap shot by Teuvo Teravainen.
12:59 of 1st period - Shot Blocked by Rafael Harvey-Pinard.
13:05 of 1st period - Wrist shot by Jesperi Kotkaniemi.
13:05 of 1st period - Stopped by Jake Allen with a rebound.
13:24 of 1st period - Snap shot by Christian Dvorak.
13:24 of 1st period - Stopped by Frederik Andersen with a rebound.
13:26 of 1st period - Wrist shot by Kaiden Guhle.
13:26 of 1st period - Stopped by Frederik Andersen with a rebound.
13:28 of 1st period - Wrist shot by Josh Bailey.
13:28 of 1st period - Shot Blocked by Alex Tuch.
13:35 of 1st period - Icing by Brett Pesce.
13:36 of 1st period - Sebastian C Aho wins face-off versus Derick Brassard in Carolina Hurricanes zone.
14:28 of 1st period - Wrist shot by Cole Caufield.
14:28 of 1st period - Shot Misses the Net.
14:30 of 1st period - Slapshot by Derick Brassard.
14:30 of 1st period - Shot Misses the Net.
14:40 of 1st period - Snap shot by Alex Newhook.
14:40 of 1st period - Deflect By Cole Caufield.
14:40 of 1st period - Stopped by Frederik Andersen without a rebound.
14:41 of 1st period - Kirby Dach wins face-off versus David Krejci in Carolina Hurricanes zone.
14:57 of 1st period - Snap shot by Michael Bunting.
14:57 of 1st period - Stopped by Jake Allen with a rebound.
15:15 of 1st period - Off-side.
15:16 of 1st period - David Krejci wins face-off versus Christian Dvorak in neutral zone.
15:23 of 1st period - Michael Bunting is hit by Kaiden Guhle and loses puck.
15:42 of 1st period - Alex Tuch is hit by Josh Anderson and loses puck.
15:49 of 1st period - Snap shot by Rafael Harvey-Pinard.
15:49 of 1st period - Shot Misses the Net.
15:51 of 1st period - Wrist shot by Rafael Harvey-Pinard.
15:51 of 1st period - Goal by Rafael Harvey-Pinard - Carolina Hurricanes : 0 - Montreal Canadiens : 1.
15:52 of 1st period - David Krejci wins face-off versus Kirby Dach in neutral zone.
16:08 of 1st period - Snap shot by Martin Necas.
16:08 of 1st period - Stopped by Jake Allen with a rebound.
16:43 of 1st period - Wrist shot by Stefan Noesen.
16:43 of 1st period - Stopped by Jake Allen without a rebound.
16:44 of 1st period - Jordan Staal wins face-off versus Kirby Dach in Montreal Canadiens zone.
16:45 of 1st period - Wrist shot by Stefan Noesen.
16:45 of 1st period - Shot Misses the Net.
16:55 of 1st period - Snap shot by Rafael Harvey-Pinard.
16:55 of 1st period - Stopped by Frederik Andersen without a rebound.
16:56 of 1st period - Kirby Dach wins face-off versus David Krejci in Carolina Hurricanes zone.
17:01 of 1st period - Slapshot by Rafael Harvey-Pinard.
17:01 of 1st period - Shot Misses the Net.
17:03 of 1st period - Slapshot by Josh Anderson.
17:03 of 1st period - Shot Misses the Net.
17:05 of 1st period - Slapshot by Matt Benning.
17:05 of 1st period - Deflect By Rafael Harvey-Pinard.
17:05 of 1st period - Shot Misses the Net.
17:05 of 1st period - Puck is out of play.
17:06 of 1st period - Michael Bunting wins face-off versus Kirby Dach in Carolina Hurricanes zone.
17:21 of 1st period - Slapshot by David Krejci.
17:21 of 1st period - Deflect By Michael Bunting.
17:21 of 1st period - Stopped by Jake Allen without a rebound.
17:22 of 1st period - Derick Brassard wins face-off versus Sebastian C Aho in Montreal Canadiens zone.
17:29 of 1st period - Sebastian C Aho is hit by Alex Newhook and loses puck.
17:46 of 1st period - Derick Brassard is hit by Andrei Svechnikov and loses puck.
18:05 of 1st period - Wrist shot by Andrei Svechnikov.
18:05 of 1st period - Shot Blocked by David Savard.
18:07 of 1st period - Slapshot by Alex Tuch.
18:07 of 1st period - Shot Misses the Net.
18:15 of 1st period - Wrist shot by Sebastian C Aho.
18:15 of 1st period - Goal by Sebastian C Aho - Carolina Hurricanes : 1 - Montreal Canadiens : 1.
18:16 of 1st period - Kirby Dach wins face-off versus David Krejci in neutral zone.
18:23 of 1st period - Slapshot by Rafael Harvey-Pinard.
18:23 of 1st period - Shot Blocked by Will Borgen.
18:25 of 1st period - Wrist shot by Kirby Dach.
18:25 of 1st period - Stopped by Frederik Andersen with a rebound.
18:27 of 1st period - Snap shot by Matt Benning.
18:27 of 1st period - Stopped by Frederik Andersen with a rebound.
18:29 of 1st period - Snap shot by Rafael Harvey-Pinard.
18:29 of 1st period - Stopped by Frederik Andersen with a rebound.
18:31 of 1st period - Slapshot by Rafael Harvey-Pinard.
18:31 of 1st period - Shot Misses the Net.
18:49 of 1st period - Off-side.
18:50 of 1st period - Rafael Harvey-Pinard wins face-off versus Jesperi Kotkaniemi in neutral zone.
18:53 of 1st period - Teuvo Teravainen is hit by Kaiden Guhle and loses puck.
19:16 of 1st period - Johnathan Kovacevic is hit by Brady Skjei and loses puck.
19:59 of 1st period - Snap shot by Kirby Dach.
19:59 of 1st period - Shot Misses the Net.
Goals for this period are 1 for Carolina Hurricanes vs 1 for Montreal Canadiens.
Shots for this period are 13 for Carolina Hurricanes vs 11 for Montreal Canadiens.

2nd period


0:01 of 2nd period - David Krejci wins face-off versus Kirby Dach in neutral zone.
0:10 of 2nd period - Wrist shot by David Krejci.
0:10 of 2nd period - Shot Misses the Net.
0:12 of 2nd period - Wrist shot by David Krejci.
0:12 of 2nd period - Goal by David Krejci - Carolina Hurricanes : 2 - Montreal Canadiens : 1.
0:13 of 2nd period - Kirby Dach wins face-off versus David Krejci in neutral zone.
0:24 of 2nd period - Josh Anderson is hit by Brett Pesce and loses puck.
1:00 of 2nd period - Brett Pesce is hit by Josh Anderson and loses puck.
1:19 of 2nd period - Wrist shot by Cole Caufield.
1:19 of 2nd period - Stopped by Frederik Andersen with a rebound.
1:21 of 2nd period - Slapshot by David Savard.
1:21 of 2nd period - Stopped by Frederik Andersen with a rebound.
1:23 of 2nd period - Snap shot by Derick Brassard.
1:23 of 2nd period - Deflect By Cole Caufield.
1:23 of 2nd period - Shot Blocked by Andrei Svechnikov.
1:23 of 2nd period - Puck is out of play.
1:24 of 2nd period - David Krejci wins face-off versus Christian Dvorak in Carolina Hurricanes zone.
1:51 of 2nd period - Brent Burns is hit by Alexander Edler.
1:59 of 2nd period - Sebastian C Aho is hit by Alex Newhook and loses puck.
2:16 of 2nd period - Derick Brassard is hit by Stefan Noesen and loses puck.
2:43 of 2nd period - Wrist shot by Cole Caufield.
2:43 of 2nd period - Deflect By Derick Brassard.
2:43 of 2nd period - Stopped by Frederik Andersen with a rebound.
2:45 of 2nd period - Slapshot by Matt Benning.
2:45 of 2nd period - Stopped by Frederik Andersen with a rebound.
2:47 of 2nd period - Slapshot by Alexander Edler.
2:47 of 2nd period - Stopped by Frederik Andersen with a rebound.
2:49 of 2nd period - Slapshot by Matt Benning.
2:49 of 2nd period - Shot Blocked by Kevin Shattenkirk.
2:51 of 2nd period - Slapshot by Alexander Edler.
2:51 of 2nd period - Shot Blocked by Kevin Shattenkirk.
2:53 of 2nd period - Snap shot by Cole Caufield.
2:53 of 2nd period - Goal by Cole Caufield - Carolina Hurricanes : 2 - Montreal Canadiens : 2.
2:54 of 2nd period - Kirby Dach wins face-off versus David Krejci in neutral zone.
3:06 of 2nd period - Rafael Harvey-Pinard is hit by Martin Necas and loses puck.
3:29 of 2nd period - Slapshot by Alex Tuch.
3:29 of 2nd period - Stopped by Jake Allen with a rebound.
3:31 of 2nd period - Wrist shot by Brady Skjei.
3:31 of 2nd period - Shot Misses the Net.
3:33 of 2nd period - Wrist shot by Alex Tuch.
3:33 of 2nd period - Shot Misses the Net.
4:09 of 2nd period - Snap shot by Mike Matheson.
4:09 of 2nd period - Deflect By Christian Dvorak.
4:09 of 2nd period - Stopped by Frederik Andersen with a rebound.
4:40 of 2nd period - Off-side.
4:41 of 2nd period - Sebastian C Aho wins face-off versus Josh Bailey in neutral zone.
4:54 of 2nd period - Wrist shot by Sebastian C Aho.
4:54 of 2nd period - Stopped by Jake Allen without a rebound.
4:55 of 2nd period - David Krejci wins face-off versus Kirby Dach in Montreal Canadiens zone.
5:08 of 2nd period - Wrist shot by Martin Necas.
5:08 of 2nd period - Stopped by Jake Allen with a rebound.
5:10 of 2nd period - Backhand shot by Kevin Shattenkirk.
5:10 of 2nd period - Stopped by Jake Allen with a rebound.
5:26 of 2nd period - Wrist shot by Derick Brassard.
5:26 of 2nd period - Shot Misses the Net.
5:28 of 2nd period - Slapshot by Kaiden Guhle.
5:28 of 2nd period - Deflect By Alex Tuch.
5:28 of 2nd period - Stopped by Frederik Andersen with a rebound.
5:30 of 2nd period - Snap shot by Alex Newhook.
5:30 of 2nd period - Shot Misses the Net.
5:42 of 2nd period - Minor Penalty to Andrei Svechnikov for High sticking.
5:43 of 2nd period - Kirby Dach wins face-off versus Jordan Staal in Carolina Hurricanes zone.
7:42 of 2nd period - Penalty to Andrei Svechnikov is over, Andrei Svechnikov is back on ice.
8:08 of 2nd period - Wrist shot by Sebastian C Aho.
8:08 of 2nd period - Stopped by Jake Allen with a rebound.
8:31 of 2nd period - Alex Newhook is hit by Jesperi Kotkaniemi and loses puck.
8:44 of 2nd period - Snap shot by Christian Dvorak.
8:44 of 2nd period - Shot Misses the Net.
9:16 of 2nd period - Kaiden Guhle is hit by Brent Burns and loses puck.
9:52 of 2nd period - Kevin Shattenkirk is hit by Josh Bailey and loses puck.
10:21 of 2nd period - Snap shot by Mike Matheson.
10:21 of 2nd period - Stopped by Frederik Andersen with a rebound.
10:23 of 2nd period - Backhand shot by David Savard.
10:23 of 2nd period - Goal by David Savard - Carolina Hurricanes : 2 - Montreal Canadiens : 3.
10:24 of 2nd period - Sebastian C Aho wins face-off versus Josh Anderson in neutral zone.
10:34 of 2nd period - Snap shot by Andrei Svechnikov.
10:34 of 2nd period - Stopped by Jake Allen with a rebound.
10:36 of 2nd period - Slapshot by Brent Burns.
10:36 of 2nd period - Stopped by Jake Allen without a rebound.
10:37 of 2nd period - David Krejci wins face-off versus Kirby Dach in Montreal Canadiens zone.
11:03 of 2nd period - Mike Matheson is hit by Alex Tuch and loses puck.
11:54 of 2nd period - Wrist shot by Josh Bailey.
11:54 of 2nd period - Shot Misses the Net.
11:56 of 2nd period - Slapshot by Matt Benning.
11:56 of 2nd period - Goal by Matt Benning - Carolina Hurricanes : 2 - Montreal Canadiens : 4.
11:57 of 2nd period - Kirby Dach wins face-off versus David Krejci in neutral zone.
12:29 of 2nd period - Christian Dvorak is hit by Michael Bunting and loses puck.
13:04 of 2nd period - Snap shot by Martin Necas.
13:04 of 2nd period - Shot Blocked by Alexander Edler.
13:06 of 2nd period - Snap shot by Michael Bunting.
13:06 of 2nd period - Shot Misses the Net.
13:08 of 2nd period - Snap shot by David Krejci.
13:08 of 2nd period - Stopped by Jake Allen with a rebound.
13:10 of 2nd period - Wrist shot by Dmitry Orlov.
13:10 of 2nd period - Shot Blocked by Matt Benning.
13:37 of 2nd period - Backhand shot by Josh Bailey.
13:37 of 2nd period - Stopped by Frederik Andersen without a rebound.
13:38 of 2nd period - Sebastian C Aho wins face-off versus Kirby Dach in Carolina Hurricanes zone.
13:56 of 2nd period - Icing by Josh Anderson.
13:57 of 2nd period - Jesperi Kotkaniemi wins face-off versus Kirby Dach in Montreal Canadiens zone.
14:00 of 2nd period - Wrist shot by Teuvo Teravainen.
14:00 of 2nd period - Shot Blocked by David Savard.
14:02 of 2nd period - Snap shot by Teuvo Teravainen.
14:02 of 2nd period - Shot Misses the Net.
14:04 of 2nd period - Slapshot by Brent Burns.
14:04 of 2nd period - Shot Blocked by Mike Matheson.
14:06 of 2nd period - Snap shot by Jesperi Kotkaniemi.
14:06 of 2nd period - Shot Blocked by David Savard.
14:08 of 2nd period - Slapshot by Brent Burns.
14:08 of 2nd period - Deflect By Eeli Tolvanen.
14:08 of 2nd period - Shot Blocked by Kirby Dach.
14:08 of 2nd period - Puck is out of play.
14:09 of 2nd period - Derick Brassard wins face-off versus Sebastian C Aho in Montreal Canadiens zone.
14:15 of 2nd period - Off-side.
14:16 of 2nd period - Sebastian C Aho wins face-off versus Alex Newhook in neutral zone.
14:44 of 2nd period - Slapshot by Kirby Dach.
14:44 of 2nd period - Stopped by Frederik Andersen with a rebound.
15:06 of 2nd period - Snap shot by Jordan Martinook.
15:06 of 2nd period - Stopped by Jake Allen with a rebound.
15:08 of 2nd period - Snap shot by Brett Pesce.
15:08 of 2nd period - Stopped by Jake Allen with a rebound.
15:22 of 2nd period - Kaiden Guhle is hit by Andrei Svechnikov and loses puck.
15:29 of 2nd period - Wrist shot by Alex Tuch.
15:29 of 2nd period - Stopped by Jake Allen without a rebound.
15:30 of 2nd period - David Krejci wins face-off versus Kirby Dach in Montreal Canadiens zone.
15:31 of 2nd period - Wrist shot by Martin Necas.
15:31 of 2nd period - Stopped by Jake Allen without a rebound.
15:32 of 2nd period - David Krejci wins face-off versus Kirby Dach in Montreal Canadiens zone.
16:14 of 2nd period - Minor Penalty to Brady Skjei for Delaying the game.
16:15 of 2nd period - Jordan Staal wins face-off versus Kirby Dach in Carolina Hurricanes zone.
16:27 of 2nd period - Dmitry Orlov is hit by Rafael Harvey-Pinard and loses puck.
16:42 of 2nd period - Wrist shot by Cole Caufield.
16:42 of 2nd period - Goal by Cole Caufield - Carolina Hurricanes : 2 - Montreal Canadiens : 5.
16:43 of 2nd period - Martin Necas wins face-off versus Kirby Dach in neutral zone.
17:54 of 2nd period - Minor Penalty to Johnathan Kovacevic for High sticking.
17:55 of 2nd period - Rafael Harvey-Pinard wins face-off versus Sebastian C Aho in Montreal Canadiens zone.
19:54 of 2nd period - Penalty to Johnathan Kovacevic is over, Johnathan Kovacevic is back on ice.
19:54 of 2nd period - Alexander Edler is hit by Andrei Svechnikov and loses puck.
Goals for this period are 1 for Carolina Hurricanes vs 4 for Montreal Canadiens.
Shots for this period are 13 for Carolina Hurricanes vs 14 for Montreal Canadiens.

3rd period


0:01 of 3rd period - Sebastian C Aho wins face-off versus Kirby Dach in neutral zone.
0:03 of 3rd period - Off-side.
0:04 of 3rd period - Sebastian C Aho wins face-off versus Kirby Dach in neutral zone.
0:17 of 3rd period - Slapshot by Kirby Dach.
0:17 of 3rd period - Shot Misses the Net.
0:19 of 3rd period - Snap shot by Josh Anderson.
0:19 of 3rd period - Shot Misses the Net.
0:44 of 3rd period - Icing by Brady Skjei.
0:45 of 3rd period - David Krejci wins face-off versus Kirby Dach in Carolina Hurricanes zone.
1:13 of 3rd period - Icing by David Krejci.
1:14 of 3rd period - Derick Brassard wins face-off versus David Krejci in Carolina Hurricanes zone.
2:56 of 3rd period - Icing by Alex Newhook.
2:57 of 3rd period - Sebastian C Aho wins face-off versus Derick Brassard in Montreal Canadiens zone.
3:04 of 3rd period - Snap shot by Alex Tuch.
3:04 of 3rd period - Shot Misses the Net.
3:18 of 3rd period - Wrist shot by Cole Caufield.
3:18 of 3rd period - Shot Misses the Net.
3:20 of 3rd period - Backhand shot by Derick Brassard.
3:20 of 3rd period - Stopped by Frederik Andersen without a rebound.
3:21 of 3rd period - Kirby Dach wins face-off versus Jesperi Kotkaniemi in Carolina Hurricanes zone.
3:22 of 3rd period - Snap shot by Rafael Harvey-Pinard.
3:22 of 3rd period - Stopped by Frederik Andersen without a rebound.
3:23 of 3rd period - Kirby Dach wins face-off versus Jesperi Kotkaniemi in Carolina Hurricanes zone.
3:26 of 3rd period - Snap shot by Rafael Harvey-Pinard.
3:26 of 3rd period - Shot Misses the Net.
3:55 of 3rd period - Wrist shot by Andrei Svechnikov.
3:55 of 3rd period - Shot Misses the Net.
3:57 of 3rd period - Snap shot by Alex Tuch.
3:57 of 3rd period - Deflect By Sebastian C Aho.
3:57 of 3rd period - Shot Misses the Net.
3:57 of 3rd period - Puck is out of play.
3:58 of 3rd period - Alex Tuch wins face-off versus Josh Anderson in Montreal Canadiens zone.
4:03 of 3rd period - Snap shot by Alex Tuch.
4:03 of 3rd period - Shot Misses the Net.
4:05 of 3rd period - Wrist shot by Alex Tuch.
4:05 of 3rd period - Shot Misses the Net.
4:25 of 3rd period - Jesperi Kotkaniemi is hit by Michael Pezzetta and loses puck.
4:46 of 3rd period - Wrist shot by Sean Monahan.
4:46 of 3rd period - Shot Misses the Net.
4:48 of 3rd period - Snap shot by Joel Armia.
4:48 of 3rd period - Stopped by Frederik Andersen without a rebound.
4:49 of 3rd period - Sebastian C Aho wins face-off versus Sean Monahan in Carolina Hurricanes zone.
8:29 of 3rd period - Kaiden Guhle is hit by Michael Bunting and loses puck.
8:48 of 3rd period - Snap shot by Alex Tuch.
8:48 of 3rd period - Shot Misses the Net.
8:50 of 3rd period - Slapshot by Sebastian C Aho.
8:50 of 3rd period - Shot Misses the Net.
9:20 of 3rd period - Josh Bailey is hit by Jesperi Kotkaniemi.
10:06 of 3rd period - Snap shot by Dmitry Orlov.
10:06 of 3rd period - Deflect By Stefan Noesen.
10:06 of 3rd period - Stopped by Jake Allen with a rebound.
10:42 of 3rd period - Slapshot by Alex Newhook.
10:42 of 3rd period - Deflect By Brent Burns.
10:42 of 3rd period - Stopped by Frederik Andersen without a rebound.
10:43 of 3rd period - Kirby Dach wins face-off versus David Krejci in Carolina Hurricanes zone.
10:57 of 3rd period - Minor Penalty to Josh Anderson for Slashing.
10:58 of 3rd period - Sebastian C Aho wins face-off versus Kirby Dach in Montreal Canadiens zone.
11:32 of 3rd period - Slapshot by Brent Burns.
11:32 of 3rd period - Stopped by Jake Allen with a rebound.
11:34 of 3rd period - Snap shot by Andrei Svechnikov.
11:34 of 3rd period - Stopped by Jake Allen with a rebound.
12:22 of 3rd period - Brett Pesce is hit by David Savard and loses puck.
12:57 of 3rd period - Penalty to Josh Anderson is over, Josh Anderson is back on ice.
13:07 of 3rd period - Alexander Edler is hit by Jordan Martinook and loses puck.
15:04 of 3rd period - David Savard is hit by Dmitry Orlov and loses puck.
15:31 of 3rd period - Matt Benning is hit by Andrei Svechnikov.
15:41 of 3rd period - Brett Pesce is hit by Matt Benning and loses puck.
16:06 of 3rd period - Martin Necas is hit by Derick Brassard and loses puck.
17:20 of 3rd period - Icing by Derick Brassard.
17:21 of 3rd period - Derick Brassard wins face-off versus Jordan Staal in Montreal Canadiens zone.
17:21 of 3rd period - Derick Brassard is hit by Jordan Martinook.
17:27 of 3rd period - Wrist shot by Sean Monahan.
17:27 of 3rd period - Shot Blocked by Jordan Martinook.
17:29 of 3rd period - Wrist shot by Cole Caufield.
17:29 of 3rd period - Shot Misses the Net.
17:39 of 3rd period - Minor Penalty to Jordan Martinook for Interference.
17:40 of 3rd period - Kirby Dach wins face-off versus Jordan Staal in Carolina Hurricanes zone.
17:55 of 3rd period - Snap shot by Mike Matheson.
17:55 of 3rd period - Shot Misses the Net.
19:39 of 3rd period - Penalty to Jordan Martinook is over, Jordan Martinook is back on ice.
19:44 of 3rd period - Off-side.
19:45 of 3rd period - Jesperi Kotkaniemi wins face-off versus Christian Dvorak in neutral zone.
19:48 of 3rd period - Slapshot by Kevin Shattenkirk.
19:48 of 3rd period - Stopped by Jake Allen without a rebound.
19:49 of 3rd period - Jesperi Kotkaniemi wins face-off versus Christian Dvorak in Montreal Canadiens zone.
19:52 of 3rd period - Wrist shot by Eeli Tolvanen.
19:52 of 3rd period - Shot Misses the Net.
19:54 of 3rd period - Snap shot by Kevin Shattenkirk.
19:54 of 3rd period - Shot Blocked by Josh Bailey.
19:56 of 3rd period - Snap shot by Teuvo Teravainen.
19:56 of 3rd period - Goal by Teuvo Teravainen - Carolina Hurricanes : 3 - Montreal Canadiens : 5.
19:57 of 3rd period - Jesperi Kotkaniemi wins face-off versus Derick Brassard in neutral zone.
Goals for this period are 1 for Carolina Hurricanes vs 0 for Montreal Canadiens.
Shots for this period are 5 for Carolina Hurricanes vs 4 for Montreal Canadiens.